 Dungeon Crawl Stone Soup version 0.31.0-32-g396128a36d (webtiles) character file.

Game seed: 3835566023127392824

349 nel the Grave Robber (level 6, 0/41 HPs)
             Began as a Demonspawn Necromancer on Apr 10, 2024.
             Succumbed to their own poison gas
             ... on level 4 of the Dungeon.
             The game lasted 00:14:46 (3165 turns).

nel the Grave Robber (Demonspawn Necromancer)       Turns: 3165, Time: 00:14:46

Health: 0/41       AC: 14    Str:  9    XL:     6   Next: 33%
Magic:  1/9        EV: 12    Int: 15    God:
Gold:   260        SH:  0    Dex: 15    Spells: 1/9 levels left

rFire   . . .        y - +0 falchion (protect)
rCold   . . .        (no shield)
rNeg    . . .        j - +0 leather armour
rPois   .            (no helmet)
rElec   .            (no cloak)
rCorr   .            (no gloves)
SInv    .            p - +0 pair of boots
Will    .....        (no amulet)
Stlth   ++           k - +4 ring of protection
HPRegen 0.26/turn    l - +4 ring of protection
MPRegen 0.22/turn

%: guardian spirit
@: lethally poisoned (0 -> -6), weak-willed, very slightly contaminated
A: yellow scales 1, ignite blood 1, magic shield, magic regeneration
a: no special abilities


You were on level 4 of the Dungeon.
You visited 1 branch of the dungeon, and saw 4 of its levels.

You collected 260 gold pieces.

Inventory:

Hand Weapons
 f - a +0 short sword
 h - a +2 dagger of venom
 m - a +2 dagger of freezing
 y - a +0 falchion of protection (weapon)
Missiles
 i - 7 boomerangs (quivered)
Armour
 a - a +0 robe
 j - a +0 leather armour (worn)
 p - a +0 pair of boots (worn)
Jewellery
 k - a +4 ring of protection (left hand)
 l - a +4 ring of protection (right hand)
Wands
 v - a wand of flame (17)
Scrolls
 e - 5 scrolls of identify
 r - a scroll of blinking
 s - a scroll of noise
 u - a scroll of enchant armour {unknown}
 w - a scroll of fear {unknown}
 x - a scroll of summoning {unknown}
 A - a scroll of enchant weapon {unknown}
Potions
 b - a potion of magic
 n - a potion of mutation


   Skills:
 + Level 0.8 Long Blades
 + Level 3.7 Dodging
 - Level 2.0 Stealth
 - Level 2.0 Spellcasting
 + Level 7.1 Necromancy


You had one spell level left.
You knew the following spells:

 Your Spells              Type           Power      Damage    Failure   Level
a - Necrotise             Necr           88%        1d8       1%          1
b - Vampiric Draining     Necr           22%        2d7       4%          3
c - Animate Dead          Necr           22%        N/A       17%         4

Your spell library contained the following spells:

 Spells                   Type           Power      Damage    Failure   Level
 Summon Small Mammal      Summ           4%         N/A       30%         1
 Curse of Agony           Necr           22%        N/A       43%         5
 Call Canine Familiar     Summ           1%         N/A       67%         3
 Summon Blazeheart Golem  Fire/Summ      1%         N/A       97%         4


Dungeon Overview and Level Annotations

Branches:
Dungeon (4/15)
 Temple: D:4-7

Altars:
Cheibriados

Shops:
D:4 (


Innate Abilities, Weirdness & Mutations

You are partially covered in yellow scales. (AC +2)
Your demonic aura sometimes causes spilled blood to erupt in flames.
When hurt, damage is shared between your health and your magic reserves.
You regenerate magic rapidly.


Message History

A puff of flame appears from out of thin air!
The puff of flame misses you.
Casting: Necrotise (safe; 1% risk of failure)
Confirm with . or Enter, or press ? or * to list all spells.
Aiming: Vampiric Draining (dangerous; 4% risk of failure)
Press: ? - help, Shift-Dir - straight line, f - orc priest
Aim: an orc priest, wielding a +0 flail of protection (weak-willed)
You miscast Vampiric Draining.
You are very lightly contaminated with residual magic.
Nothing appears to happen.
The orc closely misses you.
The orc priest hits you but does no damage.
Something hits you but does no damage.
Unknown command.
Unknown command.
Unknown command.
You closely miss the orc priest. The orc closely misses you.
The orc priest hits you but does no damage.
Something hits you but does no damage.
Okay, then.
Blink to where?
Press: ? - help, Dir - move target, p - orc priest
As you read the scroll labelled ZEPLAIR TYTH, it crumbles to dust.
It was a scroll of blinking.
You are engulfed in poison gas.
You are lethally poisoned!
* * * LOW HITPOINT WARNING * * *
x2 You feel very sick.
Unknown command.
* * * LOW HITPOINT WARNING * * *
You feel very sick.
Okay, then.
* * * LOW HITPOINT WARNING * * *
You feel sick.
As you read the scroll labelled UHOPAC GECASSUM, it crumbles to dust.
You hear a loud clanging noise!
It was a scroll of noise.
* * * LOW HITPOINT WARNING * * *
You feel sick.
As you read the scroll labelled HERIRH HALORGH, it dissolves into smoke.
It was a scroll of fog.
You die...

#.# #.........# #......
#.# #.........# #......
#.# #....>....# #.#
####....###############
#.# #....##.§°°...).o...
###.#####
#......○§.§o)####†..
#.......###§####°☼○§○{o#
#..
#..........§§§§§§#######
.. #.......##..§@#### #
#.......##..§§#
###############


There were no monsters in sight!

Vanquished Creatures
  2 jellies (D:4)
  2 orc priests
  2 bombardier beetles (D:4)
  2 orc wizards
  3 adders
  2 dart slugs (D:2)
  A ribbon worm (D:3)
  8 orcs
  4 ball pythons
  6 endoplasms
  6 giant cockroaches
  4 goblins
  11 hobgoblins
  7 kobolds
  3 quokkas (D:4)
  5 bats
  A frilled lizard (D:3)
  A rat (D:2)
70 creatures vanquished.

Vanquished Creatures (collateral kills)
  An adder (D:2)
  A frilled lizard (D:3)
2 creatures vanquished.

Grand Total: 72 creatures vanquished

Notes
Turn   | Place    | Note
-------+----------+-------------------------------------------
     0 | D:1      | nel the Demonspawn Necromancer began the quest for the Orb.
     0 | D:1      | Reached XP level 1. HP: 13/13 MP: 3/3
   991 | D:2      | Gained mutation: You are partially covered in yellow
                  | scales. (AC +2) [demonic ancestry]
   991 | D:2      | Reached XP level 2. HP: 19/19 MP: 5/5
  1033 | D:2      | Found a faded altar of an unknown god.
  1167 | D:2      | Reached skill level 5 in Necromancy
  1167 | D:2      | Gained mutation: You regenerate magic rapidly. [demonic
                  | ancestry]
  1167 | D:2      | Reached XP level 3. HP: 24/24 MP: 1/6
  1497 | D:2      | Reached XP level 4. HP: 30/30 MP: 5/7
  1744 | D:3      | Learned a level 3 spell: Vampiric Draining
  1918 | D:3      | Reached skill level 6 in Necromancy
  2242 | D:3      | Gained mutation: When hurt, damage is shared between your
                  | health and your magic reserves. [demonic ancestry]
  2242 | D:3      | Reached XP level 5. HP: 35/35 MP: 5/8
  2276 | D:3      | Found a snail-covered altar of Cheibriados.
  2805 | D:4      | Reached skill level 7 in Necromancy
  2805 | D:4      | Gained mutation: Your demonic aura sometimes causes spilled
                  | blood to erupt in flames. [demonic ancestry]
  2805 | D:4      | Reached XP level 6. HP: 20/41 MP: 3/9
  2897 | D:4      | Found Ceuntatomn's Antique Weapon Boutique.
  2946 | D:4      | Learned a level 4 spell: Animate Dead
  3164 | D:4      | HP: 2/41 [poisoned by you (poison gas)]
  3165 | D:4      | Succumbed to their own poison gas

Illustrated notes

Levels and vault maps discovered:
D:1:      mrwooster_arrival_statue_3, layout_loops_corners
D:2:      layout_rooms, hellmonk_ecumenical_altar_lost_god, minmay_surrounded
D:3:      layout_loops_ring, tso_altar, lemuel_crystal_altar
D:4:      layout_rooms, serial_shops, shop, minmay_misc_feat_square,
          feat_on_display

Skill      XL: |  1  2  3  4  5 |
---------------+----------------+-----
Stealth        | 2 |  2.0
Dodging        | 2 3 |  3.7
Necromancy     | 5 6 7 |  7.1
Long Blades    | |  0.8
Spellcasting   | |  2.0

Action                     |  1- 3 |  4- 6 || total
---------------------------+-------+-------++-------
  Melee: Short sword       |    13 |       ||    13
         Dagger            |    38 |    61 ||    99
         Punch             |     1 |       ||     1
         Falchion          |       |    29 ||    29
  Throw: Boomerang         |     5 |     7 ||    12
   Cast: Necrotise         |    41 |    45 ||    86
         Vampiric Draining |       |     3 ||     3
  Evoke: Wand              |       |     1 ||     1
    Use: Scroll            |       |     8 ||     8
         Potion            |       |     3 ||     3
   Stab: Sleeping          |     3 |       ||     3
 Armour: Robe              |    21 |       ||    21
         Leather armour    |    23 |    79 ||   102
  Dodge: Dodged            |    34 |    73 ||   107
